 Dungeon Crawl Stone Soup version 0.23.2-30-g0e89c35649 (webtiles) character file.

Game seed: 3172021350310817761

622 teukkam the Shield-Bearer (level 7, 0/61 HPs)
             Began as a Minotaur Fighter on June 13, 2019.
             Was an Initiate of Gozag.
             Slain by an iguana (9 damage)
             ... on level 6 of the Dungeon.
             The game lasted 00:14:26 (4192 turns).

teukkam the Shield-Bearer (Minotaur Fighter)        Turns: 4192, Time: 00:14:26

Health: 0/61       AC:  7    Str: 23    XL:     7   Next: 22%
Magic:  6/6        EV:  8    Int:  5    God:    Gozag
Gold:   378        SH: 10    Dex:  9    Spells: 6/6 levels left

rFire    . . .     SeeInvis .   a - +0 war axe
rCold    . . .     Gourm    .   v - +0 shield
rNeg     . . .     Faith    .   h - +0 scale mail
rPois    .         Spirit   .   (helmet restricted)
rElec    .         Reflect  .   (no cloak)
rCorr    .         Harm     .   (no gloves)
MR       .....                  (no boots)
Stlth    ..........             s - amulet of rage
HPRegen  0.20/turn              (no ring)
MPRegen  0.10/turn              (no ring)

@: gold aura
A: retaliatory headbutt, horns 2
a: Potion Petition, Call Merchant, Bribe Branch, Renounce Religion, Evoke
Berserk Rage


You were on level 6 of the Dungeon.
You worshipped Gozag.
Gozag was aware of your devotion.
You were not hungry.

You visited 2 branches of the dungeon, and saw 7 of its levels.

You collected 461 gold pieces.
You paid 83 gold pieces to Gozag.

Inventory:

Hand Weapons
 a - a +0 war axe (weapon)
 b - a +0 hunting sling
 c - a +2 antimagic whip
Missiles
 e - 159 stones (quivered)
 n - 29 poisoned needles
Armour
 h - a +0 scale mail (worn)
 v - a +0 shield (worn)
Jewellery
 s - an amulet of rage (around neck)
Wands
 g - a wand of disintegration (13)
Scrolls
 d - 6 scrolls of identify
 i - a scroll of immolation
 l - 2 scrolls of remove curse
 o - 4 scrolls of fog {unknown}
 p - a scroll of enchant weapon {unknown}
 r - a scroll of amnesia
 u - a scroll of fear {unknown}
 y - a scroll of blinking
 A - 2 scrolls of teleportation
Potions
 j - 3 potions of magic
 k - 2 potions of cancellation {unknown}
 m - 2 potions of brilliance {unknown}
 q - a potion of mutation {unknown}
 t - a potion of haste {unknown}
 w - 2 potions of curing
 x - a potion of degeneration {unknown}
 z - a potion of lignification {unknown}
 B - a potion of agility
 C - a potion of heal wounds {unknown}
Comestibles
 f - 6 rations


   Skills:
 + Level 5.5 Fighting
 + Level 4.7 Axes
 + Level 3.4 Slings
 + Level 5.5 Armour
 + Level 5.5 Shields


You had 6 spell levels left.
You didn't know any spells.
Your spell library was empty.

Dungeon Overview and Level Annotations

Branches:
Dungeon (6/15)             Temple (1/1) D:5

Altars:
Cheibriados
Dithmenos
Elyvilon
Gozag
Hepliaklqana
Kikubaaqudgha
Makhleb
Nemelex Xobeh
Okawaru
Sif Muna
Trog
Uskayaw
Vehumet
Wu Jian
Xom
Zin
The Shining One

Shops:
D:4 *!((

Annotations:
D:4 2 runed translucent doors, Dowan; Duvessa; Solarlg's ghost, amateur OgBe


Innate Abilities, Weirdness & Mutations

You reflexively headbutt those who attack you in melee.
You have a pair of horns on your head.


Message History

The iguana bites you.
You closely miss the iguana.
You headbutt the iguana, but do no damage.
You closely miss the iguana. You block the iguana's attack. x3
You slash the iguana!
The iguana is almost dead.
You barely miss the iguana. The iguana bites you! x2
You hit the iguana but do no damage.
The iguana is almost dead.
You closely miss the iguana. The iguana bites you!
You block the iguana's attack. The iguana bites you!
* * * LOW HITPOINT WARNING * * *
The iguana bites you but does no damage.
You hit the iguana.
You kill the iguana!
Your shield and scale mail prevent you from hitting the iguana.
The iguana bites you but does no damage.
The iguana bites you!
You die...
Your body crumbles into a pile of gold.

_.......###<.......
....###.# #.#.#.###
... #.###.#.#.# .
#.......#.###.
#............<
#####...#.##..
#...#.# #
#...#l##..#
#...@.$...#
##..#.!?.##
.....####.# #####.#
# #.# #.. ### $$$


You could see an iguana.

Vanquished Creatures
  A centaur (D:5)
  Blork the orc (D:4)
  A scorpion (D:5)
  A bullfrog zombie (D:5)
  A hound (D:5)
  2 orc priests (D:5)
  2 iguanas
  2 orc wizards (D:5)
  A hound zombie (D:5)
  2 hound skeletons (D:5)
  4 gnolls (D:5)
  4 adders
  An adder skeleton (D:5)
  A worm (D:3)
  2 dart slugs
  2 leopard geckos
  8 orcs
  A ball python (D:5)
  3 giant cockroaches
  7 goblins
  3 hobgoblins
  5 jackals (D:1)
  2 quokkas
  6 bats
  7 frilled lizards
  3 kobolds
  A quokka skeleton (D:4)
  13 rats
87 creatures vanquished.

Notes
Turn   | Place    | Note
-------+----------+-------------------------------------------
     0 | D:1      | teukkam the Minotaur Fighter began the quest for the Orb.
     0 | D:1      | Reached XP level 1. HP: 19/19 MP: 0/0
    89 | D:1      | Reached XP level 2. HP: 26/27 MP: 1/1
   470 | D:2      | Reached XP level 3. HP: 33/33 MP: 2/2
   570 | D:4      | Found Azuu's Antique Weapon Shop.
   582 | D:4      | Noticed Blork the orc
   596 | D:4      | Found a runed translucent door.
   597 | D:4      | Noticed a bullfrog
   598 | D:4      | Noticed Solarlg's ghost (amateur OgBe)
   609 | D:5      | Entered Level 5 of the Dungeon
   609 | D:5      | Noticed a centaur
   617 | D:5      | Killed a centaur
   617 | D:5      | Reached skill level 1 in Slings
   617 | D:5      | Reached XP level 4. HP: 22/41 MP: 1/3
   769 | D:5      | Found a staircase to the Ecumenical Temple.
   788 | D:5      | Reached XP level 5. HP: 46/47 MP: 4/4
   874 | D:6      | Found a burning altar of Makhleb.
   914 | D:5      | Reached XP level 6. HP: 19/55 MP: 5/5
  1011 | D:5      | Reached skill level 5 in Fighting
  1095 | D:5      | Reached skill level 5 in Armour
  1095 | D:5      | Reached skill level 5 in Shields
  1402 | Temple   | Entered the Ecumenical Temple
  1444 | Temple   | Became a worshipper of Gozag Ym Sagoz the Greedy
  1836 | D:4      | Killed Blork the orc
  2403 | D:2      | Reached XP level 7. HP: 60/61 MP: 6/6
  2544 | D:2      | Noticed a +0 hand axe
  2546 | D:2      | Noticed a +0 hand axe
  2547 | D:2      | Found a hide-covered altar of Uskayaw.
  2624 | D:3      | Found an ornate altar of the Wu Jian Council.
  3391 | D:4      | Noticed Dowan
  3400 | D:4      | Noticed Duvessa
  3482 | D:4      | Found Jeango's Antique Weapon Shoppe.
  3536 | D:4      | Found Orosebet's Distillery.
  3714 | D:4      | Found a runed translucent door.
  3768 | D:4      | Found Xukkos's Assorted Antiques.
  4192 | D:6      | Slain by an iguana

Skill      XL: |  1  2  3  4  5  6 |
---------------+-------------------+-----
Armour         | 4 5 |  5.5
Shields        | 4 5 |  5.5
Fighting       | 4 5 |  5.5
Axes           | 3 4 |  4.7
Slings         | 1 2 3 |  3.4

Action                   |  1- 3 |  4- 6 |  7- 9 || total
-------------------------+-------+-------+-------++-------
Melee: War axe           |    52 |   103 |    74 ||   229
       Headbutt          |    10 |    21 |     6 ||    37
       Whip              |     5 |       |       ||     5
 Fire: Hunting sling     |       |    13 |       ||    13
Evoke: Wand              |       |     5 |       ||     5
  Use: Scroll            |     2 |     5 |     1 ||     8
       Potion            |       |     4 |       ||     4
  Eat: Ration            |       |     1 |     2 ||     3
Armor: Scale mail        |    23 |    45 |    34 ||   102
Dodge: Dodged            |    20 |    26 |    22 ||    68
Block: Shield            |    28 |    66 |    44 ||   138
